 Dungeon Crawl Stone Soup version 0.31-a0-1-g4198be8af4 (webtiles) character file.

Game seed: 16372018383330389601

39 subawu the Slasher (level 3, 0/24 (28) HPs)
             Began as a Barachi Reaver on May 2, 2023.
             Slain by a worm (7 damage)
             ... on level 2 of the Dungeon.
             The game lasted 00:04:50 (1270 turns).

subawu the Slasher (Barachi Reaver)                 Turns: 1270, Time: 00:04:50

HP:   0/24 (28)     AC:  3    Str: 13    XL:     3   Next: 45%
MP:   0/6           EV: 12    Int: 13    God:
Gold: 63            SH:  0    Dex: 12    Spells: 5/6 levels left

rFire   . . .        g - +3 dagger
rCold   . . .        (no shield)
rNeg    . . .        b - +0 leather armour
rPois   .            (no helmet)
rElec   .            (no cloak)
rCorr   .            (no gloves)
SInv    .            (no boots)
Will    .....        h - amulet of guardian spirit
Stlth   +            (no ring)
HPRegen 0.24/turn    (no ring)
MPRegen 0.10/turn

%: guardian spirit
@: heavily drained, slow
A: amphibious, slowness 1, strong legs 1, +LOS
a: Hop


You were on level 2 of the Dungeon.
You visited 1 branch of the dungeon, and saw 2 of its levels.

You collected 63 gold pieces.

Inventory:

Hand Weapons
 a - a +0 falchion
 g - a +3 dagger (weapon)
 j - a +0 dagger of protection
Missiles
 d - 24 stones
Armour
 b - a +0 leather armour (worn)
Jewellery
 h - an amulet of guardian spirit (around neck)
Scrolls
 c - a scroll of teleportation {unknown}
 f - a scroll of enchant armour {unknown}
 k - a scroll of magic mapping {unknown}
 m - a scroll of noise {unknown}
Potions
 e - 2 potions of heal wounds {unknown}
 i - a potion of might {unknown}
 l - a potion of ambrosia {unknown}


   Skills:
 + Level 2.6 Fighting
 + Level 4.2 Long Blades
 + Level 0.1 Armour
 + Level 2.9 Dodging
 + Level 0.2 Stealth
 + Level 2.2 Spellcasting
 + Level 3.7 Conjurations


You had 5 spell levels left.
You knew the following spells:

 Your Spells              Type           Power      Damage    Failure   Level
a - Kiss of Death         Conj/Necr      24%        2d7       14%         1

Your spell library contained the following spells:

 Spells                   Type           Power      Damage    Failure   Level
 Momentum Strike          Conj/Tloc      12%        3d8       22%         2
 Hailstorm                Conj/Ice       6%         3d4       41%         3


Dungeon Overview and Level Annotations

Branches:
Dungeon (2/15)

Altars:
Elyvilon


Innate Abilities, Weirdness & Mutations

You are amphibious.
You cover ground slowly.
You can hop short distances.
You have an extended range of vision and can be seen from far away.


Message History

The rat attacks as you move away! The rat closely misses you.
You see here an adder corpse.
The rat attacks as you move away! The rat bites you but does no damage.
The rat attacks as you move away! The rat closely misses you.
You hit the rat.
You kill the rat!
You see here a rat corpse.
You see here an adder corpse.
There is a white marble altar of Elyvilon here.
You see here a +0 short sword.
You kneel at the altar of Elyvilon.
The worm bites you.
You hit the worm but do no damage. The worm bites you.
You hit the worm.
The worm is lightly wounded.
You hit the worm but do no damage.
The worm is lightly wounded.
The worm bites you!
You hit the worm.
The worm is lightly wounded.
You hit the worm.
The worm is moderately wounded.
The worm bites you.
You hit the worm.
The worm is heavily wounded.
You barely miss the worm.
The worm is heavily wounded.
The worm bites you!
* * * LOW HITPOINT WARNING * * *
You hit the worm.
The worm is heavily wounded.
You hit the worm but do no damage.
The worm is heavily wounded.
The worm closely misses you.
You barely miss the worm.
The worm is heavily wounded.
You hit the worm.
The worm is severely wounded.
The worm bites you!
You die...

.........#...#...............#
##.......................#.<.#
........#.....##........#...#
##.............#........#####
##.......................#
##........................#
#.........................# #
#.....)......_††........#
#.#..........w@...........#
###.#...................#####
....##.....................
......................#..##.
........####.............#
........##.............#..#
.......................##...
..........############## ##.
.......####


You could see a worm.

Vanquished Creatures
  An adder (D:2)
  2 dart slugs (D:1)
  4 endoplasms (D:1)
  3 goblins
  A hobgoblin (D:1)
  2 jackals (D:2)
  5 kobolds
  4 ball pythons
  2 bats (D:1)
  3 rats
27 creatures vanquished.

Notes
Turn   | Place    | Note
-------+----------+-------------------------------------------
     0 | D:1      | subawu the Barachi Reaver began the quest for the Orb.
     0 | D:1      | Reached XP level 1. HP: 17/17 MP: 3/3
   216 | D:1      | Reached XP level 2. HP: 23/23 MP: 5/5
   796 | D:1      | Reached skill level 4 in Long Blades
   999 | D:1      | Reached XP level 3. HP: 15/23 MP: 3/6
  1148 | D:2      | Found a white marble altar of Elyvilon.
  1270 | D:2      | Slain by a worm

Illustrated notes

Levels and vault maps discovered:
D:1:      dpeg_chamrin_arrival_tetris, layout_loops_ring, minmay_quantized
D:2:      layout_rooms, basic_altar

Skill      XL: |  1  2 |
---------------+-------+-----
Long Blades    | 4 |  4.2
Fighting       | |  2.6
Armour         | |  0.1
Dodging        | |  2.9
Stealth        | |  0.2
Spellcasting   | |  2.2
Conjurations   | |  3.7

Action                     || total
---------------------------++-------
  Melee: Dagger            ||    72
         Falchion          ||     4
         Punch             ||     2
   Cast: Kiss of Death     ||     2
 Armour: Leather armour    ||    23
  Dodge: Dodged            ||    60

Table legend: (Time is in decaauts)
 A = Elapsed time spent in this place.
 B = Non-inter-level travel time spent in this place.
 C = Inter-level travel time spent in this place.
 D = Time resting spent in this place.
 E = Time spent auto-exploring this place.
 F = Levels seen in this place.
 G = Mean time per level.
                   A        B        C        D        E       F      G
               +--------+--------+--------+--------+--------+-----+--------+
         Total |   1479 |   1213 |    266 |     76 |      0 |   2 |  739.5 |
       Dungeon |   1479 |   1213 |    266 |     76 |      0 |   2 |  739.5 |
               +--------+--------+--------+--------+--------+-----+--------+

Top non-repeatable levels by time:
     D:1: 1313 daAuts
     D:2: 166 daAuts
